AoeStats
← PBNX_EMP

Highland

504771754Analyzed
2v2 RM · 24d ago on Sep 6, 2026· 50m 1s· 4 players
Game mode
Random Map
Map size
Medium (4 player)
Population
200
Speed
Normal
Resources
Standard
Victory
Conquest
Starting age
Dark Age
Ending age
Imperial Age
RankedLock teamsTeams togetherTeam positionsShared explorationLock speedFull tech treeHidden civsTurbo modeCheats
Victory
Defeat
🇷🇴 Franks · Romania
570
+20
🇷🇴 Spanish · Romania
494
+23
🇨🇭 Burgundians · Switzerland
697
-23
617
-20
victorserranoalcazar
0:28 Loom
11:47 Feudal Age
13:16 Wheelbarrow
13:50 Double-Bit Axe
13:48 Horse Collar
16:05 Gold Mining
20:42 Castle Age
19:58 Bloodlines
19:57 Scale Barding Armor
20:13 Forging
22:11 Husbandry
22:45 Hand Cart
26:11 Heavy Plow
26:24 Bow Saw
31:17 Squires
30:38 Pikeman
34:21 Imperial Age
32:35 Chain Barding Armor
33:39 Stone Mining
34:25 Gold Shaft Mining
34:20 Masonry
34:33 Heavy Camel Rider
36:34 Grand Trunk Road
37:29 Stone Shaft Mining
38:15 Town Watch
39:10 Plate Barding Armor
41:50 Imperial Camel Rider
43:37 Town Patrol
46:51 Elite Ghulam
Vitli
6:38 Double-Bit Axe
8:46 Horse Collar
20:04 Feudal Age
20:05 Wheelbarrow
20:34 Man-at-Arms
21:01 Arson
21:39 Forging
21:42 Scale Mail Armor
29:19 Castle Age
31:09 Bow Saw
33:13 Pikeman
33:56 Squires
PBNX_EMP
15:32 Feudal Age
18:32 Wheelbarrow
17:48 Double-Bit Axe
20:45 Fishing Lines
25:15 Castle Age
23:46 Gold Mining
23:46 Stone Mining
26:50 Bow Saw
27:17 Hand Cart
30:26 Husbandry
30:56 Scale Barding Armor
31:02 Forging
33:46 Gold Shaft Mining
33:13 Gillnets
39:27 Imperial Age
39:53 Pikeman
40:34 Squires
41:22 Cavalier
49:38 Iron Casting
49:05 Scale Mail Armor
49:36 Light Cavalry
bordeianu.petru
11:24 Feudal Age
12:54 Double-Bit Axe
15:39 Horse Collar
21:24 Castle Age
21:00 Stone Mining
24:06 Bow Saw
23:58 Heavy Plow
25:33 Wheelbarrow
37:59 Imperial Age
35:47 Hand Cart
35:18 Loom
36:02 Padded Archer Armor
36:02 Gold Mining
36:58 Leather Archer Armor
36:46 Husbandry
36:58 Bloodlines
37:48 Scale Barding Armor
37:57 Forging
39:37 Ring Archer Armor
39:30 Chain Barding Armor
39:47 Iron Casting
40:06 Conscription
39:07 Elite Conquistador
39:11 Cavalier
41:55 Plate Barding Armor
42:26 Blast Furnace
41:18 Paladin
46:47 Chemistry
46:08 Ballistics
45:36 Town Watch
Connection lost

Rejoining the realm…

Still unreachable

The connection could not be restored.

Session expired

The server has moved on; the page needs a fresh start.